 Dungeon Crawl Stone Soup version 0.20.0-15-g7f486f2 (webtiles) character file.

1146116 Gorglomux the Conqueror (level 27, -10/199 HPs)
             Began as a Gargoyle Air Elementalist on June 11, 2017.
             Was the Champion of the Shining One.
             Killed from afar by a Brimstone Fiend (45 damage)
             ... with damnation
             ... on level 7 of Gehenna.
             The game lasted 03:02:17 (80893 turns).

Gorglomux the Conqueror (GrAE)                     Turns: 80893, Time: 03:02:18

Health: -10/199    AC: 60    Str: 31    XL:     27
Magic:  23/40      EV: 25    Int: 23    God:    the Shining One [******]
Gold:   9263       SH: 40    Dex: 13    Spells: 24/30 levels left

rFire    + + +     SeeInvis .   b - +9 sacred scourge (holy) {god gift}
rCold    + . .     Gourm    .   N - +5 large shield
rNeg     + + +     Faith    .   q - +10 plate armour {rF+}
rPois    ∞         Spirit   .   d - -2 hat of the Alchemist {god gift, rElec rPois rF+ rC+ rN+ MR+ rMut rCorr}
rElec    +         Reflect  +   p - scarf {cloud immunity}
rCorr    +         Harm     .   v - +2 pair of gloves {Str+3}
rMut     +                      x - +2 pair of boots {run} {god gift}
MR       +++++                  f - brooch of Shielding {Reflect SH+8}
Stlth    ..........             l - ring of Ublyst {rElec rPois rF+ Int+2 Dex+3}
Regen    0.5/turn               o - ring of the Mage {Wiz MR++ Int+3}
MPRegen  0.3/turn

@: mighty, flying, glowing, quick
A: big wings, repulsion field 1, icy blue scales 1, mutation resistance 1,
negative energy resistance 1, electricity resistance, unbreathing, petrification
resistance, rot immunity, AC +20
}: 11/15 runes: decaying, serpentine, slimy, silver, obsidian, abyssal, demonic,
glowing, magical, fiery, dark
a: Stop Flying, Divine Shield, Cleansing Flame, Summon Divine Warrior, Renounce
Religion


You were on level 7 of Gehenna.
You worshipped the Shining One.
The Shining One was exalted by your worship.
You were not hungry.

You visited 14 branches of the dungeon, and saw 66 of its levels.
You visited Pandemonium 1 time, and saw 51 of its levels.
You visited the Abyss 6 times.
You also visited: Ice Cave.

You collected 11365 gold pieces.
You spent 2102 gold pieces at shops.

Inventory:

Hand Weapons
 a - the +10 morningstar "Eos" {god gift, elec, Halo rElec}
   (Okawaru gifted it to you on level 3 of the Lair of Beasts)

   Occasionally, upon striking a foe, it will discharge some electrical energy
   and cause terrible harm.
   It insulates you from electricity.
 b - a +9 sacred scourge of holy wrath (weapon) {god gift}
Missiles
 Z - 11 throwing nets (quivered)
Armour
 d - the -2 hat of the Alchemist (worn) {god gift, rElec rPois rF+ rC+ rN+ MR+ rMut rCorr}
   (Okawaru gifted it to you on level 2 of the Vaults)

   It protects you from fire.
   It protects you from cold.
   It insulates you from electricity.
   It protects you from poison.
   It protects you from negative energy.
   It affects your resistance to hostile enchantments.
   It protects you from acid and corrosion.
   It protects you from mutation.
 p - a scarf of cloud immunity (worn)
 q - a +10 plate armour of fire resistance (worn)
 v - a +2 pair of gloves of strength (worn)
 x - a +2 pair of boots of running (worn) {god gift}
 N - a +5 large shield (worn)
Jewellery
 f - the brooch of Shielding (around neck) {Reflect SH+8}
   (You found it on level 1 of the Vaults)

   [amulet of reflection]

   It shields you and reflects attacks.
   It affects your SH (+8).
 l - the ring of Ublyst (left hand) {rElec rPois rF+ Int+2 Dex+3}
   (You found it in Pandemonium)

   [ring of protection from fire]

   It affects your intelligence (+2).
   It affects your dexterity (+3).
   It protects you from fire.
   It insulates you from electricity.
   It protects you from poison.
 o - the ring of the Mage (right hand) {Wiz MR++ Int+3}
   (You found it on level 4 of the Swamp)

   [ring of wizardry]

   It improves your spell success rate.
   It affects your intelligence (+3).
   It affects your resistance to hostile enchantments.
 r - an uncursed amulet of regeneration
 G - the ring of the Coward {rElec rC+ Str+3 Stlth-}
   (You found it on level 5 of the Depths)

   [ring of protection from cold]

   It affects your strength (+3).
   It protects you from cold.
   It insulates you from electricity.
   It makes you less stealthy.
 O - the ring "Ameakhloko" {rC+ Int+6}
   (You found it on level 3 of the Elven Halls)

   [ring of intelligence]

   It affects your intelligence (+6).
   It protects you from cold.
Wands
 s - a wand of digging (10/24)
 A - a wand of acid (5/15)
 D - a wand of digging (17/24)
 I - a wand of iceblast (7/15)
 L - a wand of lightning (6/15)
Scrolls
 g - 5 scrolls of holy word
 k - 8 scrolls of fear
 m - 28 scrolls of remove curse
 w - 3 scrolls of summoning
 B - 13 scrolls of blinking
 F - 8 scrolls of silence
 H - 9 scrolls of recharging
 J - 8 scrolls of immolation
 M - 9 scrolls of magic mapping
 R - 16 scrolls of identify
 T - 36 scrolls of teleportation
 W - 13 scrolls of fog
Potions
 e - 12 potions of heal wounds
 i - 5 potions of haste
 j - 2 potions of might
 t - 3 potions of agility
 u - a potion of brilliance
 y - 7 potions of ambrosia
 C - 7 potions of cancellation
 E - 7 potions of resistance
 K - 21 potions of mutation {!q}
 P - 3 potions of magic
 Q - 28 potions of curing
Books
 h - the Grimoire of Venomous Transmutation
   (You found it on level 3 of the Elven Halls)

   Spells                             Type                      Level
   a - Passwall                       Transmutation/Earth          2
   b - Mephitic Cloud                 Conjuration/Poison/Air       3
   c - Olgreb's Toxic Radiance        Poison                       4
   d - Irradiate                      Conjuration/Transmutation    5
   e - Statue Form                    Transmutation/Earth          6
Miscellaneous
 n - a lightning rod (4/4)
 U - 2 boxes of beasts
 V - 2 phantom mirrors
 X - a phial of floods
 Y - a lamp of fire
Comestibles
 c - 37 bread rations
 z - 16 meat rations
 S - 4 fruits


   Skills:
 O Level 27 Fighting
 - Level 16.7 Maces & Flails
 + Level 25.5 Armour
 O Level 27 Dodging
 - Level 2.1 Stealth
 - Level 26.0 Shields
 - Level 2.0 Spellcasting
 - Level 1.1 Conjurations
 - Level 2.4 Air Magic
 O Level 27 Invocations


You had 24 spell levels left.
You knew the following spells:

 Your Spells              Type           Power        Failure   Level  Hunger
b - Static Discharge      Conj/Air       ##......     21%         3    ###....
c - Swiftness             Chrm/Air       #.......     14%         2    ##.....
d - Animate Skeleton      Necr           N/A          16%         1    #......


Dungeon Overview and Level Annotations

Branches:
Dungeon (15/15)            Temple (1/1) D:6            Lair (6/6) D:8
  Swamp (4/4) Lair:3        Snake (4/4) Lair:3        Slime (5/5) Lair:5
    Orc (2/2) D:10            Elf (3/3) Orc:2        Vaults (5/5) D:14
  Crypt (3/3) Vaults:3       Tomb (0/3) Crypt:3      Depths (5/5) D:15
   Hell (1/1)                 Dis (0/7) Hell            Geh (7/7) Hell
    Coc (0/7) Hell            Tar (0/7) Hell            Zot (5/5) Depths:5

Altars:
Ashenzari
Cheibriados
Dithmenos
Elyvilon
Fedhas
Gozag
Hepliaklqana
Kikubaaqudgha
Makhleb
Nemelex Xobeh
Okawaru
Qazlal
Ru
Sif Muna
Trog
Uskayaw
Vehumet
Xom
Yredelemnul
Zin
The Shining One
Beogh
Jiyva
Lugonu

Shops:
D:6 *::   D:9 [   D:14 *   Orc:2 [?*(   Elf:2 (   Elf:3 [=   Zot:2 *
Depths:5 %**

Portals:
Hell: Depths:1 Depths:2 Depths:3 Depths:4 Depths:5
Abyss: Depths:2 Depths:3 Depths:4
Pandemonium: Depths:3
Ziggurat: Depths:1
Trove: D:13 (give 7 scrolls of blinking)

Annotations:
D:8 food vault, 1 exclusion
Lair:6 exclusion: 3 oklob plants
Slime:5 Nicoed's ghost, veteran MiBe
Elf:2 1 runed door
Depths:1 exclusion: orange crystal statue
Depths:4 exclusion: statue
Zot:5 1 exclusion


Innate Abilities, Weirdness & Mutations

You are resistant to torment.
Your stone body is resilient. (AC +20)
You are immune to poison.
Your large and strong wings let you fly indefinitely.
You resist negative energy. (rN+)
You are resistant to electric shocks. (rElec)
You can survive without breathing.
You are immune to petrification.
You are immune to rotting.
You are surrounded by a mild repulsion field. (EV +2)
You are partially covered in icy blue scales. (AC +2)
You are somewhat resistant to further mutation.


Message History

* * * LOW HITPOINT WARNING * * *
Asmodeus shouts, "Abandon hope, thou fobbing dizzy-eyed nightsoil!"
The sun demon shouts!
Unknown command.
Unknown command.
The golden flame engulfs you! You resist.
The golden flame engulfs Asmodeus.
Asmodeus writhes in agony!
You kill Asmodeus!
The Shining One accepts your kill.
You feel better.
You feel your power returning.
The hellion disappears in a puff of smoke!
The sun demon disappears in a puff of smoke!
You have mastered Dodging!
You feel somewhat more hungry.
You hear a roar!
Unknown command.
The Brimstone Fiend roars!
The Brimstone Fiend gestures at you.
The sphere of damnation explodes!
The damnation engulfs you!
You die...

,,,,,,,≈≈≈≈≈≈≈≈≈,,,,,,,≈≈≈≈≈≈≈≈§§
,,,,≈≈≈≈≈≈≈≈≈,,,,,,,,,,,,≈≈≈≈§≈≈≈
,,≈≈≈≈≈≈≈≈≈≈≈,**********,≈≈≈≈§§≈§
,,≈≈≈≈≈≈≈≈≈,,,*########*,,≈≈≈≈≈≈§
,≈≈≈≈≈≈≈≈≈,,,,*#....11#*,,,≈≈§≈≈§
,≈≈≈≈≈≈≈≈≈,,,,*#§..§&§#*,,,≈≈≈≈≈≈
≈≈≈≈≈≈≈≈≈≈≈,,,*#.1§§§§#*,,≈≈≈§§§§
≈≈≈≈≈≈≈≈≈≈,,***#1######**,,.≈§≈§§
≈≈≈≈≈≈≈≈≈≈,,*###@#######*,,..§§§≈
≈≈≈≈≈≈≈≈,,,,*#.§§§.....#*,,.....≈
≈≈≈≈≈≈,,,,,,*#.........##*,......
≈≈≈≈,,,,,,,,*#..........#*,......
≈≈≈≈,,,,,##############'#########
≈≈≈,,,≈≈,#...........†††.#......#
≈≈,,,≈≈≈,#'#############.#......#
≈,,,,≈≈,,#.............#.#......#
,,,,,,,,,#.............#)'......#


You could see 2 Brimstone Fiends.

Vanquished Creatures
  Cerebov (Pan)
  Asmodeus (Geh:7)
  23 pandemonium lords (Pan)
  the Royal Jelly (Slime:5)
  Gloorx Vloq (Pan)
  Mnoleg (Pan)
  Khufu (Crypt:3)
  3 orbs of fire (Zot:5)
  Mara (Swamp:3)
  4 ancient liches
  Mennas (Depths:5)
  Sojobo (Vaults:3)
  Bai Suzhen (Swamp:2)
  Margery (Depths:5)
  5 Killer Klowns
  A curse toe (Zot:5)
  Xtahua (Depths:2)
  Saint Roka (Orc:2)
  Jory (Crypt:2)
  Nikola (Swamp:3)
  Geryon (Hell)
  2 profane servitors
  15 golden dragons
  5 bone dragons
  19 Brimstone Fiends
  8 Tzitzimimeh (Pan)
  A shard shrike zombie (Crypt:1)
  2 hellephants
  An electric golem (Zot:5)
  14 Hell Sentinels (Pan)
  9 Ice Fiends
  Jorgrun (Vaults:4)
  Rupert (D:15)
  11 liches
  21 Orb Guardians (Zot:5)
  26 tentacled monstrosities
  18 titans
  9 quicksilver dragons
  A deep elf master archer (Elf:3)
  8 deep elf blademasters
  10 acid blobs
  10 tentacled starspawn
  26 Executioners
  An eldritch tentacle (Pan)
  9 death cobs
  6 sphinxes
  3 thorn hunters
  11 shadow dragons
  12 storm dragons
  5 ancient champions
  11 tengu reavers
  Donald (Elf:1)
  4 draconian monks
  5 draconian knights
  A daeva (Abyss:3)
  4 revenants
  4 iron dragons
  26 frost giants
  11 nagarajas
  An azure jelly (shapeshifter) (Depths:3)
  4 azure jellies
  5 ghost moths
  29 fire giants
  8 deep elf sorcerers
  31 balrugs
  24 vault wardens
  Louise (Swamp:3)
  An orc warlord (Vaults:3)
  7 draconian scorchers
  27 cacodemons (Pan)
  4 draconian shifters
  20 reapers
  6 draconian annihilators
  A spriggan defender (Depths:2)
  7 deep elf elementalists
  3 curse skulls
  7 warmongers (Pan)
  14 ironheart preservers
  A juggernaut skeleton (Depths:2)
  6 ghouls
  2 war gargoyles (Vaults:5)
  4 vampire knights
  49 very ugly things
  An ophan (Pan)
  An apis (Pan)
  31 stone giants
  20 corrupters (Pan)
  9 green draconians
  9 black suns (Pan)
  11 blood saints (Pan)
  5 white draconians
  3 black draconians
  4 entropy weavers
  8 deep elf demonologists
  Azrael (D:13)
  11 deep elf annihilators
  13 lorocyprocas
  9 spark wasps
  9 red draconians
  5 yellow draconians
  Snorg (D:12)
  21 blizzard demons
  2 eidola
  12 ettins
  8 purple draconians
  17 jiangshi
  13 green deaths (Pan)
  3 death oozes (Slime:5)
  Josephine (D:15)
  18 fire dragons
  8 deep elf high priests
  2 mummy priests (Crypt:3)
  20 yaktaur captains
  7 deep elf death magi
  9 rakshasas
  Erolcha (D:12)
  16 monstrous demonspawn (Pan)
  14 great orbs of eyes
  A quicksilver dragon skeleton (Geh:6)
  57 vault guards
  23 ice dragons
  10 naga warriors
  30 hydras
  5 hell beasts (Pan)
  6 spriggan air magi
  A merfolk avatar (Lair:6)
  5 anacondas
  6 death knights
  12 centaur warriors
  Erica (Lair:2)
  An anaconda (shapeshifter) (D:13)
  13 ogre magi
  47 two-headed ogres
  8 alligators
  26 dancing weapons
  4 tengu warriors
  9 deep troll shamans
  7 deep troll earth magi
  18 hell hogs
  6 orc high priests (Orc:2)
  A titan zombie (Depths:2)
  16 naga sharpshooters
  6 holy swine (Pan)
  7 thrashing horrors
  4 vampire magi
  5 spriggan berserkers
  2 titan skeletons
  33 deep elf knights
  58 large abominations
  47 soul eaters
  44 sun demons
  8 shock serpents
  Sonja (Lair:3)
  14 spriggans
  47 hell knights
  5 iron trolls
  10 wretched stars
  41 sixfirhies
  10 sea snakes
  A fire crab (shapeshifter) (Depths:3)
  6 torturous demonspawn (Pan)
  A swamp dragon (shapeshifter) (Depths:2)
  2 cherubim (Pan)
  2 storm dragon skeletons
  A deep troll (shapeshifter) (Depths:3)
  An anaconda zombie (Geh:7)
  16 infernal demonspawn (Pan)
  17 shadow demons (Pan)
  12 shadow wraiths
  52 skeletal warriors
  4 shambling mangroves
  4 salamander mystics
  16 deep trolls
  4 spatial maelstroms
  6 naga ritualists
  11 swamp dragons
  An unseen horror (shapeshifter) (D:14)
  2 spriggan druids (Swamp:4)
  30 deep elf archers
  14 gelid demonspawn (Pan)
  9 glowing orange brains
  4 unseen horrors
  11 flayed ghosts
  Pikel (D:6)
  4 wizards
  2 lindwurms (Swamp:4)
  11 phantasmal warriors
  19 orc knights
  13 necromancers
  24 ironbrand convokers
  14 harpies
  7 mana vipers
  An anaconda skeleton (Geh:7)
  7 wolf spiders
  A fire giant zombie (Geh:6)
  A faun (shapeshifter) (Vaults:3)
  4 golden dragon skeletons
  8 orc sorcerers
  A mana viper (shapeshifter) (D:15)
  6 cyclopes
  A frost giant zombie (Geh:7)
  2 shining eyes
  A shining eye (shapeshifter) (Abyss:3)
  A manticore (shapeshifter) (Elf:3)
  16 salamanders
  38 ugly things
  64 deep elf magi
  2 shadow dragon skeletons
  71 slime creatures
  3 worldbinders
  23 moths of wrath
  2 manticores
  8 rust devils
  16 elephants
  15 naga magi
  3 iron dragon skeletons
  9 guardian serpents
  A torpor snail (Lair:5)
  A torpor snail (shapeshifter) (Vaults:5)
  21 vault sentinels
  A gargoyle (D:14)
  66 smoke demons
  2 stone giant skeletons
  38 black mambas
  24 orange demons
  A storm dragon simulacrum (Crypt:3)
  12 molten gargoyles
  A titan simulacrum (Abyss:4)
  4 apocalypse crabs
  An ice statue (Hell)
  3 eyes of devastation
  13 spiny frogs
  2 dire elephant skeletons
  3 spiny frogs (shapeshifter)
  13 tormentors
  6 rime drakes
  16 demonic crawlers
  9 freezing wraiths
  41 yaktaurs
  19 hellions
  8 efreet
  A komodo dragon (shapeshifter) (Vaults:5)
  A sea snake zombie (Crypt:2)
  A yaktaur (shapeshifter) (Elf:2)
  2 harpy zombies
  3 ice devils
  7 komodo dragons
  6 tengu conjurers
  25 hellwings
  7 guardian mummies (Crypt:3)
  A merfolk (shapeshifter) (Depths:2)
  2 queen bees (shapeshifter)
  A death yak skeleton (Crypt:1)
  2 jumping spiders (Abyss:3)
  A spriggan skeleton (Depths:2)
  10 trolls
  3 hydra zombies
  3 meliai (D:13)
  8 ancient zymes
  A meliai (shapeshifter) (Vaults:2)
  A jumping spider (shapeshifter) (Depths:2)
  A polar bear (shapeshifter) (D:15)
  2 polar bears
  A slime creature (shapeshifter) (Vaults:5)
  31 red devils
  A tyrant leech (Swamp:2)
  A wind drake (shapeshifter) (Vaults:3)
  A sphinx simulacrum (Vaults:3)
  17 raiju
  6 bog bodies
  2 ettin zombies
  A harpy skeleton (Geh:7)
  10 blink frogs
  2 hippogriffs (shapeshifter)
  2 alligator zombies
  2 hydra skeletons
  8 hippogriffs
  2 ice dragon zombies
  22 hornets
  A snapping turtle (shapeshifter) (D:15)
  18 dream sheep
  2 stone giant simulacra
  2 redbacks
  2 alligator skeletons
  5 wyverns
  72 flying skulls
  10 shadows
  A tarantella (Abyss:3)
  4 air elementals (Elf:1)
  3 ettin skeletons
  27 wraiths
  2 redbacks (shapeshifter)
  7 water elementals
  A vampire (D:13)
  41 yaks
  60 ynoxinuls
  A black mamba zombie (Abyss:1)
  An ice dragon skeleton (Geh:3)
  19 fire elementals
  2 yaks (shapeshifter)
  22 chaos spawn
  A human (shapeshifter) (Vaults:3)
  3 fire bats (Depths:2)
  7 golden eyes
  A basilisk (Lair:1)
  2 hungry ghosts
  41 neqoxecs
  12 vampire mosquitoes
  5 spatial vortices
  19 swamp worms
  Edmund (D:5)
  18 insubstantial wisps
  11 wargs
  44 nagas
  4 acid dragons
  17 water moccasins
  12 hell hounds
  3 floating eyes
  A floating eye (shapeshifter) (Vaults:4)
  7 porcupines
  21 small abominations
  An infernal demonspawn skeleton (Crypt:2)
  A spiny frog zombie (Geh:5)
  10 swamp drakes
  4 sky beasts
  A slave (D:6)
  17 ice beasts
  A manticore zombie (Geh:7)
  59 orc warriors
  5 black bears
  2 black bears (shapeshifter)
  2 snapping turtle zombies (Geh:7)
  2 ettin simulacra
  7 necrophages
  4 phantoms
  2 eyes of draining
  A wolf (shapeshifter) (Vaults:5)
  12 boggarts
  11 wolves
  35 ogres
  35 centaurs
  A snapping turtle skeleton (Geh:7)
  A swamp dragon skeleton (Geh:5)
  18 crocodiles
  Blork the orc (D:4)
  4 big kobolds
  A bullfrog (shapeshifter) (D:15)
  12 bullfrogs
  2 earth elementals
  2 wyvern skeletons
  A raiju zombie (Crypt:2)
  5 scorpions
  25 killer bees
  A yak zombie (Crypt:1)
  An orc simulacrum (Vaults:2)
  A queen bee zombie (Crypt:2)
  A human simulacrum (Vaults:3)
  24 wights
  2 howler monkeys
  3 centaur zombies
  5 hounds
  3 quasits
  18 crimson imps
  43 starcursed masses
  34 orc priests
  3 bullfrog skeletons
  23 jellies
  26 orc wizards
  4 centaur skeletons
  2 iguanas
  5 iron imps
  Jessica (D:3)
  An iguana (shapeshifter) (Vaults:5)
  4 hell rats (Lair:4)
  13 worker ants
  A tengu skeleton (Pan)
  An ogre skeleton (Geh:7)
  A hound zombie (D:6)
  A hound skeleton (Crypt:2)
  13 adders
  11 shadow imps
  9 white imps
  An ufetubus (Abyss:3)
  2 oozes
  An iguana zombie (Crypt:1)
  An adder skeleton (D:4)
  A worm (D:2)
  3 ball lightnings (Pan)
  A barachi zombie (Crypt:1)
  5 dart slugs
  5 leopard geckos
  134 orcs
  A ball python (D:3)
  11 bats
  5 giant cockroaches
  5 goblins
  9 hobgoblins
  12 jackals
  2 quokkas
  5 frilled lizards
  A frilled lizard skeleton (Crypt:2)
  23 kobolds
  5 rats
  8 briar patches
  2 bushes (Abyss:3)
  A butterfly (Lair:6)
  4 crawling corpses (Elf:3)
  2 fire vortices (Pan)
  A lurking horror (Abyss:4)
  A plant (Lair:6)
  4 starspawn tentacles
  2 tentacles (Hell)
4085 creatures vanquished.

Vanquished Creatures (collateral kills)
  Lom Lobon (Pan)
  2 Killer Klowns (Zot:5)
  A tentacled monstrosity (Zot:4)
  4 Orb Guardians (Zot:5)
  A death cob (Zot:4)
  2 Executioners (Pan)
  A deep elf sorcerer (Elf:3)
  2 very ugly things (Pan)
  2 reapers (Hell)
  A green death (Pan)
  A deep elf death mage (Elf:3)
  A kraken zombie (Hell)
  3 soul eaters
  A sun demon (Hell)
  A sixfirhy (Pan)
  A skeletal warrior (Hell)
  2 hell knights (Hell)
  3 wizards (Pan)
  A moth of wrath (Zot:5)
  A smoke demon (Pan)
  An ice devil (Hell)
  A hellwing (Pan)
  A freezing wraith (Hell)
  2 water elementals (Hell)
  4 neqoxecs (Pan)
  A fire elemental (Hell)
  A spiny frog zombie (Hell)
  A hell hound (Hell)
  2 large abominations (Pan)
46 creatures vanquished.

Vanquished Creatures (others)
  5 deep elf master archers
  An ironheart preserver (Vaults:4)
  3 stone giants
  4 yaktaur captains
  A vault guard (Vaults:5)
  A monstrous demonspawn (Pan)
  A centaur warrior (Vaults:2)
  A hell hog (Abyss:5)
  A deep elf knight (Elf:1)
  A wizard (Pan)
  A lindwurm (Swamp:4)
  3 deep elf archers
  A deep elf mage (Vaults:5)
  A fire giant skeleton (Geh:5)
  A molten gargoyle (Geh:7)
  12 yaktaurs
  A large abomination (Abyss:3)
  A ynoxinul (Abyss:4)
  2 flying skulls (Geh:7)
  A fire elemental (Geh:7)
  A neqoxec (Pan)
  A chaos spawn (Pan)
  A boggart (D:15)
  3 centaurs
  A small abomination (Abyss:3)
  A wight (Geh:4)
  An orc priest (Vaults:5)
  6 ball lightnings (Pan)
  2 orcs
  2 briar patches
  2 bushes (Abyss:3)
  4 demonic plants (Abyss:3)
  A fire vortex (Pan)
  13 fungi
  A lurking horror (Abyss:1)
  16 plants
  20 starspawn tentacles
  6 tentacles (Hell)
125 creatures vanquished.

Grand Total: 4256 creatures vanquished

Notes
Turn   | Place    | Note
-------+----------+-------------------------------------------
     0 | D:1      | Gorglomux the Gargoyle Air Elementalist began the quest for the Orb.
     0 | D:1      | Reached XP level 1. HP: 10/10 MP: 3/3
   292 | D:1      | Reached skill level 1 in Fighting
   292 | D:1      | Reached skill level 1 in Armour
   292 | D:1      | Reached XP level 2. HP: 9/16 MP: 0/5
   662 | D:1      | Reached XP level 3. HP: 9/21 MP: 0/6
  1720 | D:2      | Reached XP level 4. HP: 24/27 MP: 4/7
  1800 | D:2      | Reached skill level 1 in Maces & Flails
  2133 | D:2      | Found a hazy altar of Hepliaklqana.
  2887 | D:3      | Found a glowing golden altar of the Shining One.
  2918 | D:3      | Noticed Jessica
  2947 | D:3      | Killed Jessica
  2947 | D:3      | Reached skill level 3 in Fighting
  2947 | D:3      | Reached skill level 3 in Armour
  2947 | D:3      | Reached XP level 5. HP: 20/32 MP: 1/8
  3560 | D:4      | Found a sand-covered staircase.
  3702 | D:4      | Gained mutation: You have an increased reservoir of magic. (+10% MP) [potion of mutation]
  3702 | D:4      | Gained mutation: You are partially covered in iridescent scales. (AC +2) [potion of mutation]
  3751 | D:4      | Learned a level 3 spell: Static Discharge
  4137 | D:4      | Found a sacrificial altar of Ru.
  4631 | D:4      | Reached XP level 6. HP: 26/38 MP: 2/9
  5127 | D:5      | Entered Level 5 of the Dungeon
  5167 | D:5      | Noticed an ice beast
  5219 | D:5      | Learned a level 2 spell: Swiftness
  5224 | D:5      | Noticed Blork the orc
  5244 | D:4      | Killed Blork the orc
  5244 | D:4      | Reached skill level 3 in Maces & Flails
  5775 | D:5      | Noticed Edmund
  6204 | D:4      | Killed an ice beast
  6204 | D:4      | Reached XP level 7. HP: 39/44 MP: 0/11
  6381 | D:5      | Killed Edmund
  7059 | D:6      | Found Peesot's Book Boutique.
  7081 | D:6      | Reached XP level 8. HP: 49/49 MP: 6/12
  7123 | D:6      | Found a staircase to the Ecumenical Temple.
  7199 | D:6      | Found Soph's Weapon Emporium.
  7255 | Temple   | Entered the Ecumenical Temple
  7462 | Temple   | Became a worshipper of Warmaster Okawaru
  7579 | D:6      | Reached skill level 6 in Maces & Flails
  7835 | D:6      | Found a shimmering altar of Xom.
  7974 | D:6      | Found Naseamas's Book Boutique.
  7994 | D:6      | Found Vimirea's Assorted Antiques.
  8003 | D:6      | Bought a runed scarf for 224 gold pieces
  8008 | D:6      | Bought a scroll labeled ARYIR LICVARETZOFO for 28 gold pieces
  8114 | D:6      | Reached * piety under Okawaru
  8441 | D:7      | Noticed Pikel
  8446 | D:7      | Paralysed by Pikel for 6 turns
  8459 | D:7      | Paralysed by Pikel for 5 turns
  8494 | D:6      | Killed Pikel
  8494 | D:6      | Reached skill level 9 in Maces & Flails
  8494 | D:6      | Reached XP level 9. HP: 49/54 MP: 13/13
  8559 | D:7      | Reached ** piety under Okawaru
  8912 | D:7      | Learned a level 1 spell: Animate Skeleton
  9756 | D:8      | Noticed a two-headed ogre
  9790 | D:8      | Killed a two-headed ogre
  9790 | D:8      | Reached *** piety under Okawaru
  9868 | D:8      | Reached XP level 10. HP: 50/59 MP: 8/14
 10038 | D:8      | Found a staircase to the Lair.
 10057 | D:8      | Reached skill level 12 in Maces & Flails
 10571 | D:9      | Reached skill level 1 in Shields
 10711 | D:9      | Reached skill level 3 in Shields
 11462 | D:9      | Found Dothiffe's Antique Armour Shoppe.
 11472 | D:9      | Bought a pair of embroidered gloves for 187 gold pieces
 11493 | D:10     | Entered Level 10 of the Dungeon
 11519 | D:10     | Reached **** piety under Okawaru
 11883 | D:10     | Killed an unseen horror
 11883 | D:10     | Reached XP level 11. HP: 60/64 MP: 15/15
 11899 | D:10     | Found a staircase to the Orcish Mines.
 11928 | D:10     | Reached skill level 6 in Fighting
 12002 | D:10     | Reached skill level 3 in Invocations
 12599 | D:11     | Noticed a manticore
 12631 | D:11     | Killed a manticore
 12643 | D:11     | Noticed a two-headed ogre
 12655 | D:11     | Noticed a cyclops
 12660 | D:11     | Killed a two-headed ogre
 12660 | D:11     | Reached ***** piety under Okawaru
 12914 | D:11     | Killed an unseen horror
 12929 | D:11     | Reached skill level 6 in Invocations
 12947 | D:11     | Noticed a cyclops
 12960 | D:11     | Killed a cyclops
 12986 | D:11     | Killed a cyclops
 13379 | D:11     | Reached skill level 9 in Fighting
 13706 | D:11     | Reached XP level 12. HP: 76/76 MP: 19/19
 13905 | Lair:1   | Entered Level 1 of the Lair of Beasts
 14058 | Lair:1   | Got a brightly glowing platinum ring
 14449 | Lair:1   | Found a frozen archway.
 14470 | Lair:1   | Reached skill level 9 in Invocations
 14492 | Lair:1   | Received a gift from Okawaru
 14515 | Lair:1   | Got a spiked scale mail {god gift}
 14526 | Lair:1   | Identified the +1 scale mail of Jiwkas {god gift, *Drain +Inv rN+++ Int-2} (Okawaru gifted it to you on level 1 of the Lair of Beasts)
 14557 | IceCv    | Entered an ice cave
 14649 | Lair:1   | Identified the ring "Beethraoz" {*Drain rPois MR++ Str+4} (You found it on level 1 of the Lair of Beasts)
 15333 | Lair:2   | Noticed Erica
 15346 | Lair:2   | Noticed a six-headed hydra
 15347 | Lair:2   | Killed Erica
 15357 | Lair:2   | Killed a one-headed hydra
 15453 | Lair:2   | Reached skill level 6 in Shields
 15494 | Lair:2   | Noticed an eight-headed hydra
 15503 | Lair:2   | Killed a four-headed hydra
 15738 | Lair:2   | Reached skill level 6 in Armour
 16199 | Lair:3   | Received a gift from Okawaru
 16204 | Lair:3   | Reached skill level 3 in Dodging
 16204 | Lair:3   | Reached XP level 13. HP: 73/84 MP: 20/22
 16341 | Lair:3   | Found a staircase to the Swamp.
 16623 | Lair:3   | Noticed Sonja
 16627 | Lair:3   | Killed Sonja
 16722 | Lair:3   | Found a staircase to the Snake Pit.
 18319 | Lair:5   | Reached ****** piety under Okawaru
 18343 | Lair:5   | Received a gift from Okawaru
 18584 | Lair:5   | Reached skill level 12 in Fighting
 18682 | Lair:5   | Found a staircase to the Slime Pits.
 18956 | Lair:6   | Entered Level 6 of the Lair of Beasts
 18963 | Lair:6   | Received a gift from Okawaru
 19206 | Lair:6   | Gained mutation: Your large and strong wings let you fly indefinitely. [Gargoyle growth]
 19206 | Lair:6   | Reached XP level 14. HP: 92/92 MP: 23/23
 19288 | Lair:6   | Received a gift from Okawaru
 19296 | Lair:6   | Reached skill level 15 in Maces & Flails
 19317 | Lair:6   | Got a pair of ancient boots {god gift}
 19323 | Lair:6   | Identified the +0 pair of boots of Epsuen {god gift, rPois rF+ Stlth+} (Okawaru gifted it to you on level 6 of the Lair of Beasts)
 19817 | Lair:6   | Got a spiked plate armour
 19832 | Lair:6   | Identified the cursed +0 plate armour of Lolu {Regen+} (You found it on level 6 of the Lair of Beasts)
 20515 | D:12     | Noticed Snorg
 20528 | D:12     | Killed Snorg
 20635 | D:12     | Noticed Erolcha
 20641 | D:12     | Killed Erolcha
 20641 | D:12     | Received a gift from Okawaru
 21111 | D:13     | Noticed Azrael
 21129 | D:13     | Killed Azrael
 21352 | D:13     | Reached XP level 15. HP: 97/97 MP: 22/24
 21693 | D:13     | Found a portal to a secret trove of treasure.
 22110 | D:14     | Reached skill level 9 in Shields
 22170 | D:14     | Reached skill level 9 in Armour
 22531 | D:14     | Found Iwiprah's Assorted Antiques.
 22532 | D:14     | Found a gate to the Vaults.
 22899 | D:15     | Entered Level 15 of the Dungeon
 23010 | D:14     | Received a gift from Okawaru
 23026 | D:14     | Identified a +2 pair of boots of running {god gift} (Okawaru gifted it to you on level 14 of the Dungeon)
 23153 | D:15     | Found a sparkling altar of Nemelex Xobeh.
 23160 | D:15     | Noticed Rupert
 23175 | D:15     | Killed Rupert
 23479 | D:15     | Noticed Josephine
 23489 | D:15     | Killed Josephine
 23632 | D:15     | Reached XP level 16. HP: 105/105 MP: 25/25
 23659 | D:15     | Found a staircase to the Depths.
 23959 | Orc:1    | Entered Level 1 of the Orcish Mines
 24301 | Orc:2    | Entered Level 2 of the Orcish Mines
 24312 | Orc:2    | Received a gift from Okawaru
 24777 | Orc:2    | Found Seeqaihe's Magic Scroll Shop.
 24796 | Orc:2    | Found Celiw's Armour Boutique.
 24837 | Orc:2    | Found a roughly hewn altar of Beogh.
 25158 | Orc:2    | Reached skill level 12 in Shields
 25247 | Orc:2    | Found a staircase to the Elven Halls.
 25357 | Orc:2    | Noticed Saint Roka
 25380 | Orc:2    | Received a gift from Okawaru
 25395 | Orc:2    | Got a distressingly furry chain mail {god gift}
 25407 | Orc:2    | Identified the +8 chain mail of Topt {god gift, rPois} (Okawaru gifted it to you on level 2 of the Orcish Mines)
 25529 | Orc:2    | Killed Saint Roka
 25666 | Orc:2    | Found a roughly hewn altar of Beogh.
 25702 | Orc:2    | Reached skill level 12 in Armour
 25838 | Orc:2    | Found Vikhlas's Weapon Emporium.
 25903 | Orc:2    | Found Cehil's General Store.
 26030 | Orc:2    | Bought a scroll of enchant armour for 90 gold pieces
 26030 | Orc:2    | Bought a scroll of teleportation for 36 gold pieces
 26030 | Orc:2    | Bought a potion of resistance for 120 gold pieces
 26094 | Orc:2    | Bought a scroll of magic mapping for 38 gold pieces
 26094 | Orc:2    | Bought a scroll of enchant armour for 82 gold pieces
 26094 | Orc:2    | Bought a scroll of teleportation for 33 gold pieces
 26348 | Swamp:1  | Entered Level 1 of the Swamp
 26423 | Swamp:1  | Reached skill level 15 in Fighting
 26995 | Swamp:2  | Noticed a thorn hunter
 27011 | Swamp:2  | Killed a thorn hunter
 27100 | Swamp:2  | Received a gift from Okawaru
 27160 | Swamp:2  | Got a dazzling eveningstar {god gift}
 27161 | Swamp:2  | Identified the +3 eveningstar of Death {god gift, freeze, rN++ Int-3 Dex+4} (Okawaru gifted it to you on level 2 of the Swamp)
 27285 | Swamp:2  | Reached XP level 17. HP: 104/113 MP: 26/26
 27607 | Swamp:3  | Noticed Nikola
 27611 | Swamp:3  | Noticed Louise
 27611 | Swamp:3  | Noticed Bai Suzhen
 27625 | Swamp:3  | Killed Nikola
 27646 | Swamp:2  | Killed Bai Suzhen
 27660 | Swamp:3  | Killed Louise
 27886 | Swamp:3  | Noticed Mara
 27906 | Swamp:3  | Noticed Gorglomux's illusion
 27923 | Swamp:3  | Killed Mara
 27923 | Swamp:3  | Received a gift from Okawaru
 28467 | Swamp:4  | Entered Level 4 of the Swamp
 28857 | Swamp:4  | Reached XP level 18. HP: 59/122 MP: 24/28
 28987 | Swamp:4  | Got a decaying rune of Zot
 29451 | Snake:1  | Entered Level 1 of the Snake Pit
 29624 | Snake:1  | Reached skill level 15 in Shields
 29635 | Snake:1  | Found a stormy altar of Qazlal.
 29739 | Snake:1  | Received a gift from Okawaru
 30380 | Snake:2  | Reached skill level 15 in Armour
 31188 | Snake:4  | Entered Level 4 of the Snake Pit
 31333 | Snake:4  | Received a gift from Okawaru
 31477 | Snake:4  | Reached XP level 19. HP: 124/130 MP: 29/29
 32079 | Snake:4  | Reached skill level 18 in Fighting
 32262 | Snake:4  | Received a gift from Okawaru
 32420 | Snake:4  | Got a serpentine rune of Zot
 32821 | Vaults:1 | Entered Level 1 of the Vaults
 33208 | Vaults:1 | Received a gift from Okawaru
 33796 | Vaults:1 | Received a gift from Okawaru
 33796 | Vaults:1 | Reached XP level 20. HP: 135/137 MP: 30/30
 34289 | Vaults:2 | Received a gift from Okawaru
 34491 | Vaults:2 | Reached skill level 18 in Shields
 34957 | Vaults:2 | Reached skill level 18 in Armour
 35263 | Vaults:2 | Received a gift from Okawaru
 35292 | Vaults:2 | Identified the +0 pair of boots of Nutrocerghe {god gift, +Blink rPois Regen+ Dex-3} (Okawaru gifted it to you on level 2 of the Vaults)
 35916 | Vaults:3 | Found a staircase to the Crypt.
 35916 | Vaults:3 | Found a basalt altar of Yredelemnul.
 35917 | Vaults:3 | Found an ancient bone altar of Kikubaaqudgha.
 35949 | Vaults:3 | Reached XP level 21. HP: 145/145 MP: 31/31
 36819 | Vaults:3 | Cast into level 3 of the Abyss (tengu reaver)
 36828 | Abyss:3  | Found a corrupted altar of Lugonu.
 36834 | Abyss:3  | Found a corrupted altar of Lugonu.
 36861 | Vaults:3 | Escaped the Abyss
 36947 | Vaults:3 | Cast into level 3 of the Abyss (tengu reaver)
 36951 | Abyss:3  | Found a corrupted altar of Lugonu.
 37195 | Vaults:3 | Escaped the Abyss
 37257 | Vaults:3 | Noticed Sojobo
 37274 | Vaults:3 | Killed Sojobo
 37343 | Vaults:3 | Cast into level 3 of the Abyss (tengu reaver)
 37545 | Abyss:3  | Noticed a bone dragon
 37647 | Abyss:3  | Gained mutation: You tend to lose your temper in combat. [a neqoxec]
 37736 | Abyss:3  | Found a corrupted altar of Lugonu.
 37801 | Abyss:3  | Found a corrupted altar of Lugonu.
 37884 | Abyss:3  | Found a corrupted altar of Lugonu.
 38043 | Abyss:3  | Received a gift from Okawaru
 38369 | Vaults:3 | Escaped the Abyss
 38607 | Vaults:3 | Lost mutation: You tend to lose your temper in combat. [potion of mutation]
 38607 | Vaults:3 | Lost mutation: You have an increased reservoir of magic. (+10% MP) [potion of mutation]
 38607 | Vaults:3 | Gained mutation: You are partially covered in icy blue scales. (AC +2) [potion of mutation]
 38607 | Vaults:3 | Gained mutation: You are partially covered in thin metallic scales. (AC +2) [potion of mutation]
 38760 | Vaults:4 | Noticed Jorgrun
 38782 | Vaults:4 | Killed Jorgrun
 39407 | Vaults:4 | Reached XP level 22. HP: 149/153 MP: 29/29
 39823 | Vaults:4 | Got a translucent turquoise ring
 39838 | Vaults:4 | Identified the ring of Eskunaf {+Fly AC+2} (You found it on level 4 of the Vaults)
 40049 | Vaults:4 | Reached skill level 21 in Fighting
 40055 | Vaults:4 | Identified the Disquisition on Burning Air
 40116 | Vaults:4 | Received a gift from Okawaru
 40459 | Depths:1 | Entered Level 1 of the Depths
 40863 | Depths:1 | Found a gateway to Hell.
 40872 | Depths:1 | Found a gateway to a ziggurat.
 42107 | Depths:2 | Found a shimmering altar of Xom.
 42163 | Depths:2 | Received a gift from Okawaru
 42351 | Depths:2 | Found a one-way gate to the infinite horrors of the Abyss.
 42610 | Depths:2 | Reached XP level 23. HP: 142/161 MP: 30/30
 42834 | Depths:2 | Reached skill level 21 in Shields
 43285 | Depths:3 | Found a one-way gate leading to the halls of Pandemonium.
 43538 | Depths:3 | Noticed Xtahua
 43555 | Depths:2 | Received a gift from Okawaru
 43708 | Depths:2 | Killed Xtahua
 43937 | Depths:3 | Noticed a golden dragon
 43945 | Depths:2 | Reached skill level 21 in Armour
 43966 | Depths:3 | Killed a golden dragon
 44234 | Depths:3 | Received a gift from Okawaru
 44481 | Depths:3 | Reached XP level 24. HP: 107/169 MP: 30/30
 44818 | Depths:3 | Found a corrupted altar of Lugonu.
 44944 | Depths:3 | Paralysed by a floating eye for 3 turns
 44950 | Depths:3 | Paralysed by a floating eye for 3 turns
 45089 | Depths:4 | Identified the Papyrus of Assistive Venom
 45191 | Depths:4 | Received a gift from Okawaru
 46169 | Depths:5 | Entered Level 5 of the Depths
 46215 | Depths:5 | Found Ylopetot's Food Emporium.
 46387 | Depths:5 | Found Tianoon's General Store.
 46412 | Depths:5 | Bought 2 potions of mutation for 288 gold pieces
 46429 | Depths:5 | Noticed Margery
 46474 | Depths:5 | Killed Margery
 46606 | Depths:5 | Found Weamihel's Assorted Antiques.
 46618 | Depths:5 | Bought a scroll of enchant armour for 270 gold pieces
 46618 | Depths:5 | Bought a potion of agility for 144 gold pieces
 46679 | Depths:5 | Noticed Mennas
 46745 | Depths:5 | Killed Mennas
 46806 | Depths:5 | Identified Xaopses's Volume of Transmutation and Self-Knowledge
 46867 | Depths:5 | Reached XP level 25. HP: 143/176 MP: 23/30
 46922 | Depths:5 | Got a fine pewter ring
 46984 | Depths:5 | Received a gift from Okawaru
 47062 | Depths:5 | Found a gate to the Realm of Zot.
 47192 | Depths:5 | Got a wavering copper ring
 47193 | Depths:5 | Identified the ring "Erchyhad" {Wiz *Corrode Slay+5 SInv Stlth+} (You found it on level 5 of the Depths)
 47195 | Depths:5 | Identified the ring of the Four Wishes {rN+ MR+ Dex+3} (You took it off a frost giant on level 5 of the Depths)
 47332 | Depths:5 | Got a heavily runed bone ring
 47333 | Depths:5 | Identified the ring of the Coward {rElec rC+ Str+3 Stlth-} (You found it on level 5 of the Depths)
 47837 | Slime:1  | Entered Level 1 of the Pits of Slime
 47849 | Slime:1  | Reached skill level 6 in Dodging
 48070 | Slime:4  | Received a gift from Okawaru
 48114 | Slime:4  | Gained mutation: You occasionally shout uncontrollably at your foes. [a shining eye]
 48391 | Slime:5  | Entered Level 5 of the Pits of Slime
 48416 | Slime:5  | Found a viscous altar of Jiyva.
 48416 | Slime:5  | Noticed the Royal Jelly
 48434 | Slime:5  | Killed the Royal Jelly
 48434 | Slime:5  | Reached skill level 24 in Fighting
 48790 | Slime:5  | Got a slimy rune of Zot
 48821 | Slime:5  | Identified the +2 pair of gloves of the Iron City of Dis {*Contam rElec Str+6 Stlth+} (You found it on level 5 of the Pits of Slime)
 48879 | Slime:5  | Noticed Nicoed's ghost (veteran MiBe)
 49453 | Vaults:5 | Entered Level 5 of the Vaults
 49464 | Vaults:5 | Received a gift from Okawaru
 49538 | Vaults:5 | Reached XP level 26. HP: 175/186 MP: 28/30
 49787 | Vaults:5 | Reached skill level 9 in Dodging
 49802 | Vaults:5 | Received a gift from Okawaru
 49989 | Vaults:5 | Reached skill level 24 in Shields
 50432 | Vaults:5 | Received a gift from Okawaru
 51110 | Vaults:5 | Got a silver rune of Zot
 51208 | Vaults:5 | Identified the Papyrus of Dusty Bewitchment
 51905 | Zot:1    | Entered Level 1 of the Realm of Zot
 52237 | Zot:1    | Reached XP level 27. HP: 188/193 MP: 30/30
 52625 | Zot:1    | Received a gift from Okawaru
 53133 | Zot:2    | Found Jahor's Changing Room.
 53505 | Zot:2    | Got a flickering golden ring
 53688 | Zot:2    | Identified the ring of Elitism {Wiz Str+6 Dex-2} (You found it on level 2 of the Realm of Zot)
 53689 | Zot:2    | Identified the ring "Loaceup" {rPois MR+ Dex+2} (You found it on level 2 of the Realm of Zot)
 54135 | Zot:3    | Reached skill level 12 in Dodging
 54276 | Zot:3    | Received a gift from Okawaru
 54281 | Zot:3    | Identified the +0 pair of boots of the Gloaming {god gift, rC+} (Okawaru gifted it to you on level 3 of the Realm of Zot)
 55084 | Zot:4    | Noticed an ancient lich
 55175 | Zot:4    | Killed an ancient lich
 55602 | Zot:4    | Identified the +7 lajatang of the Vine {vamp, rPois rC+++ Int-4 SInv} (You took it off a fire giant on level 4 of the Realm of Zot)
 55808 | Zot:4    | Identified a scroll of acquirement
 56079 | Zot:4    | Identified the +0 pair of boots "Nofaef" {rC+ rN+ MR- Stlth+} (You found it on level 4 of the Realm of Zot)
 56191 | Zot:5    | Entered Level 5 of the Realm of Zot
 56205 | Zot:5    | Received a gift from Okawaru
 57113 | Zot:5    | Received a gift from Okawaru
 57236 | Zot:5    | Noticed an ancient lich
 57244 | Zot:5    | Killed an ancient lich
 57250 | Zot:5    | Noticed an ancient lich
 57265 | Zot:5    | Killed an ancient lich
 57265 | Zot:5    | Reached skill level 27 in Fighting
 57330 | Zot:5    | Noticed an orb of fire
 57357 | Zot:5    | Killed an orb of fire
 57359 | Zot:5    | Reached skill level 15 in Dodging
 57443 | Zot:5    | Noticed an ancient lich
 57454 | Zot:5    | Killed an ancient lich
 57454 | Zot:5    | Received a gift from Okawaru
 57624 | Zot:5    | Received a gift from Okawaru
 57690 | Zot:5    | Noticed an orb of fire
 57692 | Zot:5    | Noticed an orb of fire
 57721 | Zot:5    | Killed an orb of fire
 57732 | Zot:5    | Killed an orb of fire
 58791 | D:3      | Fell from the grace of Okawaru
 58791 | D:3      | Became a worshipper of the Shining One
 59185 | Crypt:1  | Entered Level 1 of the Crypt
 59317 | Crypt:1  | Reached * piety under the Shining One
 59798 | Crypt:1  | Reached ** piety under the Shining One
 60078 | Crypt:1  | Got a faintly glowing jade ring
 60079 | Crypt:1  | Identified the ring of Vidaplir {rC+ rN+} (You found it on level 1 of the Crypt)
 60167 | Crypt:1  | Reached *** piety under the Shining One
 60313 | Crypt:2  | Found a basalt altar of Yredelemnul.
 60356 | Crypt:2  | Reached **** piety under the Shining One
 60511 | Crypt:2  | Noticed Jory
 60527 | Crypt:2  | Killed Jory
 60954 | Crypt:2  | Reached skill level 18 in Dodging
 60972 | Crypt:3  | Entered Level 3 of the Crypt
 60972 | Crypt:3  | Reached ***** piety under the Shining One
 61105 | Crypt:3  | Found a basalt altar of Yredelemnul.
 61110 | Crypt:3  | Reached ****** piety under the Shining One
 61207 | Crypt:3  | Reached skill level 12 in Invocations
 61254 | Crypt:3  | Identified Rerovyar's Guide on Evil Secrets
 62186 | D:14     | Bought a scroll of enchant weapon for 210 gold pieces
 62385 | Depths:5 | Bought a scroll of enchant weapon for 270 gold pieces
 62779 | Orc:2    | Bought a scroll of enchant weapon for 82 gold pieces
 63605 | Crypt:3  | Noticed Khufu
 63605 | Crypt:3  | Found a staircase to the Tomb.
 63616 | Crypt:3  | Killed Khufu
 63753 | Crypt:3  | Identified the ring "Qosidal" {rN+ Str+3} (You found it on level 3 of the Crypt)
 63754 | Crypt:3  | Identified the ring of Tiusa {rN+ Str+2} (You found it on level 3 of the Crypt)
 63756 | Crypt:3  | Identified the ring "Yreid" {rN+ MR+ Dex+4 Stlth+} (You found it on level 3 of the Crypt)
 63758 | Crypt:3  | Identified a +9 sacred scourge of holy wrath {god gift} (a +7 sacred scourge of holy wrath blessed by the Shining One)
 63758 | Crypt:3  | Received a gift from the Shining One
 64095 | D:10     | Was forgiven by Okawaru
 64262 | Elf:1    | Entered Level 1 of the Elven Halls
 64304 | Elf:1    | Got a shimmering chain mail
 64557 | Elf:1    | Noticed Donald
 64566 | Elf:1    | Killed Donald
 65354 | Elf:2    | Found Tekkil's Weapon Boutique.
 65461 | Elf:2    | Found a runed door.
 65491 | Elf:2    | Found a runed door.
 65916 | Elf:2    | Reached skill level 15 in Invocations
 66008 | Elf:3    | Entered Level 3 of the Elven Halls
 66099 | Elf:3    | Found Ewnidd's Jewellery Shoppe.
 66099 | Elf:3    | Found Siac's Armour Emporium.
 66155 | Elf:3    | Paralysed by a floating eye for 3 turns
 66294 | Elf:3    | Was placed under penance by the Shining One
 67376 | Elf:3    | Got a flickering glass ring
 67377 | Elf:3    | Identified the ring "Ameakhloko" {rC+ Int+6} (You found it on level 3 of the Elven Halls)
 67430 | Elf:3    | Identified the Grimoire of Venomous Transmutation
 67888 | Depths:2 | Voluntarily entered the Abyss.
 68247 | Depths:2 | Escaped the Abyss
 68789 | Depths:2 | Voluntarily entered the Abyss.
 68984 | Abyss:1  | Was forgiven by the Shining One
 69041 | Abyss:1  | Found a corrupted altar of Lugonu.
 69344 | Abyss:2  | Paralysed by accursed screaming for 1 turns
 69351 | Abyss:2  | Paralysed by accursed screaming for 1 turns
 69788 | Abyss:3  | Paralysed by accursed screaming for 1 turns
 69941 | Abyss:4  | Found a corrupted altar of Lugonu.
 70019 | Abyss:4  | Reached skill level 18 in Invocations
 70092 | Abyss:4  | Got an abyssal rune of Zot
 70104 | Abyss:5  | Entered Level 5 of the Abyss
 70233 | Depths:2 | Escaped the Abyss
 70269 | Hell     | Entered the Vestibule of Hell
 70269 | Hell     | Noticed Geryon
 70292 | Hell     | Killed Geryon
 70299 | Hell     | Reached skill level 21 in Dodging
 70463 | Hell     | Found a gateway to the decaying netherworld of Tartarus.
 70536 | Hell     | Found a gateway to the ashen valley of Gehenna.
 70686 | Hell     | Found a gateway to the Iron City of Dis.
 70717 | Hell     | Found a gateway to the freezing wastes of Cocytus.
 70868 | Pan      | Entered Pandemonium
 70877 | Pan      | Noticed Plog the pandemonium lord
 70891 | Pan      | Killed Plog the pandemonium lord
 71100 | Pan      | Found an exit through the horrors of the Abyss.
 71617 | Pan      | Noticed Najaorymo the pandemonium lord
 71635 | Pan      | Killed Najaorymo the pandemonium lord
 72459 | Pan      | Found an exit through the horrors of the Abyss.
 72655 | Pan      | Noticed Yror the pandemonium lord
 72678 | Pan      | Killed Yror the pandemonium lord
 72699 | Pan      | Got a demonic rune of Zot
 72862 | Pan      | Found an exit through the horrors of the Abyss.
 72884 | Pan      | Gained mutation: You are weak. (Str -2) [a cacodemon]
 72929 | Pan      | Reached skill level 21 in Invocations
 72934 | Pan      | Found an exit through the horrors of the Abyss.
 73297 | Pan      | Noticed Wuonneiz the pandemonium lord
 73316 | Pan      | Killed Wuonneiz the pandemonium lord
 73417 | Pan      | Found a runed door.
 73436 | Pan      | Found a runed door.
 73451 | Pan      | Found a runed door.
 73451 | Pan      | Noticed Cenivon the pandemonium lord
 73452 | Pan      | Found a runed door.
 73466 | Pan      | Killed Cenivon the pandemonium lord
 73674 | Pan      | Found an exit through the horrors of the Abyss.
 73681 | Pan      | Noticed Nyli the pandemonium lord
 73699 | Pan      | Killed Nyli the pandemonium lord
 73784 | Pan      | Found a runed door.
 74002 | Pan      | Noticed Nuenorgh the pandemonium lord
 74011 | Pan      | Killed Nuenorgh the pandemonium lord
 74201 | Pan      | Found a white marble altar of Elyvilon.
 74304 | Pan      | Identified the +1 cloak "Lybb" {Int+6 Dex-4} (You found it in Pandemonium)
 74346 | Pan      | Noticed Quzengu the pandemonium lord
 74354 | Pan      | Killed Quzengu the pandemonium lord
 74370 | Pan      | Entered the realm of Gloorx Vloq.
 74405 | Pan      | Noticed Gloorx Vloq
 74416 | Pan      | Killed Gloorx Vloq
 74469 | Pan      | Got a dark rune of Zot
 74679 | Pan      | Found an exit through the horrors of the Abyss.
 74892 | Pan      | Found an exit through the horrors of the Abyss.
 75152 | Pan      | Found an exit through the horrors of the Abyss.
 75207 | Pan      | Gained mutation: You tend to lose your temper in combat. [a cacodemon]
 75364 | Pan      | Noticed Dyts the pandemonium lord
 75396 | Pan      | Killed Dyts the pandemonium lord
 75480 | Pan      | Noticed Ifitoc the pandemonium lord
 75495 | Pan      | Killed Ifitoc the pandemonium lord
 75691 | Pan      | Noticed Xafeodwe the pandemonium lord
 75711 | Pan      | Killed Xafeodwe the pandemonium lord
 75711 | Pan      | Reached skill level 24 in Dodging
 75711 | Pan      | Reached skill level 24 in Invocations
 75928 | Pan      | Noticed Jeklan the pandemonium lord
 75940 | Pan      | Killed Jeklan the pandemonium lord
 76278 | Pan      | Found an exit through the horrors of the Abyss.
 76278 | Pan      | Noticed Axeila Retuph the pandemonium lord
 76305 | Pan      | Killed Axeila Retuph the pandemonium lord
 76334 | Pan      | Gained mutation: Your magical capacity is low. (-10% MP) [a cacodemon]
 76390 | Pan      | Noticed Bofinesh the pandemonium lord
 76396 | Pan      | Killed Bofinesh the pandemonium lord
 76535 | Pan      | Found an exit through the horrors of the Abyss.
 76622 | Pan      | Found an exit through the horrors of the Abyss.
 76874 | Pan      | Noticed Quibreor the pandemonium lord
 76893 | Pan      | Killed Quibreor the pandemonium lord
 76934 | Pan      | Noticed Hehips the pandemonium lord
 76946 | Pan      | Killed Hehips the pandemonium lord
 77161 | Pan      | Found an exit through the horrors of the Abyss.
 77170 | Pan      | Noticed Xypnidim the pandemonium lord
 77182 | Pan      | Killed Xypnidim the pandemonium lord
 77260 | Pan      | Found an exit through the horrors of the Abyss.
 77734 | Pan      | Found an exit through the horrors of the Abyss.
 77800 | Pan      | Noticed Wiut the pandemonium lord
 77811 | Pan      | Killed Wiut the pandemonium lord
 77846 | Pan      | Found an exit through the horrors of the Abyss.
 78093 | Pan      | Noticed Jior the pandemonium lord
 78118 | Pan      | Killed Jior the pandemonium lord
 78162 | Pan      | Noticed Luum the pandemonium lord
 78166 | Pan      | Killed Luum the pandemonium lord
 78197 | Pan      | Entered the realm of Mnoleg.
 78254 | Pan      | Gained mutation: You are occasionally teleported next to monsters. [a neqoxec]
 78299 | Pan      | Noticed Mnoleg
 78318 | Pan      | Killed Mnoleg
 78338 | Pan      | Gained mutation: You are very weak. (Str -4) [a neqoxec]
 78482 | Pan      | Got a glowing rune of Zot
 78586 | Pan      | Lost mutation: Your magical capacity is low. (-10% MP) [potion of mutation]
 78586 | Pan      | Lost mutation: You tend to lose your temper in combat. [potion of mutation]
 78586 | Pan      | Lost mutation: You are occasionally teleported next to monsters. [potion of mutation]
 78586 | Pan      | Lost mutation: You occasionally shout uncontrollably at your foes. [potion of mutation]
 78586 | Pan      | Lost mutation: You are very weak. (Str -4) [potion of mutation]
 78586 | Pan      | Gained mutation: You occasionally shout uncontrollably at your foes. [potion of mutation]
 78586 | Pan      | Gained mutation: You expend magic power (3 MP) to strengthen your wands. [potion of mutation]
 78586 | Pan      | Gained mutation: You are agile. (Dex +2) [potion of mutation]
 78587 | Pan      | Lost mutation: You are agile. (Dex +2) [potion of mutation]
 78587 | Pan      | Lost mutation: You occasionally shout uncontrollably at your foes. [potion of mutation]
 78587 | Pan      | Lost mutation: You are weak. (Str -2) [potion of mutation]
 78587 | Pan      | Gained mutation: Armour fits poorly on your strangely shaped body. [potion of mutation]
 78587 | Pan      | Gained mutation: You have sharp toenails. [potion of mutation]
 78588 | Pan      | Lost mutation: You are partially covered in iridescent scales. (AC +2) [potion of mutation]
 78588 | Pan      | Lost mutation: You have sharp toenails. [potion of mutation]
 78588 | Pan      | Lost mutation: Armour fits poorly on your strangely shaped body. [potion of mutation]
 78588 | Pan      | Lost mutation: You expend magic power (3 MP) to strengthen your wands. [potion of mutation]
 78588 | Pan      | Lost mutation: You are partially covered in thin metallic scales. (AC +2) [potion of mutation]
 78588 | Pan      | Gained mutation: You are surrounded by a mild repulsion field. (EV +2) [potion of mutation]
 78588 | Pan      | Gained mutation: You are somewhat resistant to further mutation. [potion of mutation]
 78612 | Pan      | Entered the realm of Lom Lobon.
 78717 | Pan      | Reached skill level 27 in Invocations
 78749 | Pan      | Noticed Lom Lobon
 78761 | Pan      | Killed Lom Lobon
 78773 | Pan      | Got a magical rune of Zot
 78941 | Pan      | Noticed Noga the pandemonium lord
 78946 | Pan      | Killed Noga the pandemonium lord
 78979 | Pan      | Noticed Facanu the pandemonium lord
 78991 | Pan      | Killed Facanu the pandemonium lord
 79031 | Pan      | Noticed Vicvubru the pandemonium lord
 79035 | Pan      | Killed Vicvubru the pandemonium lord
 79193 | Pan      | Found an exit through the horrors of the Abyss.
 79269 | Pan      | Entered the realm of Cerebov.
 79277 | Pan      | Found an exit through the horrors of the Abyss.
 79369 | Pan      | Got a warped pewter ring
 79370 | Pan      | Identified the ring of Ublyst {rElec rPois rF+ Int+2 Dex+3} (You found it in Pandemonium)
 79372 | Pan      | Identified the ring of Muefe {rC+ rN++ Str-3 Stlth+} (You found it in Pandemonium)
 79402 | Pan      | Identified the ring "Cyfuim" {*Tele MR+ Str+3} (You found it in Pandemonium)
 79456 | Pan      | Noticed Cerebov
 79481 | Pan      | Reached skill level 24 in Armour
 79523 | Pan      | Killed Cerebov
 79579 | Pan      | Got a fiery rune of Zot
 79644 | Pan      | Took an exit into the Abyss.
 79644 | Abyss:1  | Escaped into the Abyss
 80079 | Depths:3 | Escaped the Abyss
 80135 | Geh:1    | Entered Level 1 of Gehenna
 80558 | Geh:7    | Entered Level 7 of Gehenna
 80812 | Geh:7    | Noticed Asmodeus
 80814 | Geh:7    | Got an obsidian rune of Zot
 80892 | Geh:7    | Killed Asmodeus
 80892 | Geh:7    | Reached skill level 27 in Dodging
 80893 | Geh:7    | Killed from afar by a Brimstone Fiend

Skill      XL: |  1  2  3  4  5  6  7  8  9 10 11 12 13 14 15 16 17 18 19 20 21 22 23 24 25 26 27 |
---------------+----------------------------------------------------------------------------------+-----
Fighting       | 1 2 3 4 5 9 11 12 13 15 16 17 18 19 20 21 22 23 24 25 27 | 27.0
Armour         | 1 2 3 4 6 7 8 10 12 14 15 17 18 19 20 21 22 25 | 25.5
Maces & Flails | 1 2 3 5 9 11 13 14 16 | 16.7
Shields        | 5 6 8 11 12 14 16 17 18 19 20 21 22 23 24 26 | 26.0
Invocations    | 2 7 9 27 | 27.0
Dodging        | 3 4 5 8 10 27 | 27.0
Stealth        | |  2.1
Spellcasting   | |  2.0
Conjurations   | |  1.1
Air Magic      | |  2.4

Action                   |  1- 3 |  4- 6 |  7- 9 | 10-12 | 13-15 | 16-18 | 19-21 | 22-24 | 25-27 || total
-------------------------+-------+-------+-------+-------+-------+-------+-------+-------+-------++-------
Melee: Unarmed           |    32 |       |       |       |       |       |       |       |       ||    32
       Dagger            |     9 |       |       |       |       |       |       |       |       ||     9
       Whip              |    29 |   198 |    38 |       |       |       |       |       |       ||   265
       Flail             |       |       |   179 |   503 |       |       |       |       |       ||   682
       Punch             |       |       |       |     1 |       |       |       |       |       ||     1
       Demon whip        |       |       |       |   678 |       |       |       |       |       ||   678
       Scimitar          |       |       |       |    12 |       |       |       |       |       ||    12
       Morningstar       |       |       |       |       |   889 |  1467 |  1578 |  1665 |  3224 ||  8823
       Sacred scourge    |       |       |       |       |       |       |       |       |  4181 ||  4181
Throw: Throwing net      |       |       |       |       |       |       |       |       |     1 ||     1
 Cast: Shock             |    73 |   152 |   113 |     5 |       |       |       |       |       ||   343
       Static Discharge  |       |     3 |     7 |     1 |       |       |       |       |     4 ||    15
       Swiftness         |       |     2 |     1 |       |       |       |       |       |       ||     3
       Animate Skeleton  |       |       |     1 |       |       |       |       |       |    11 ||    12
Invok: Heroism           |       |       |     6 |    26 |    21 |    22 |    21 |    28 |    26 ||   150
       Finesse           |       |       |       |     2 |     3 |    10 |    10 |    14 |    14 ||    53
       Cleansing Flame   |       |       |       |       |       |       |       |       |   248 ||   248
       Divine Shield     |       |       |       |       |       |       |       |       |    26 ||    26
       Summon Divine War |       |       |       |       |       |       |       |       |    10 ||    10
       Brand Weapon With |       |       |       |       |       |       |       |       |     1 ||     1
 Abil: Evoke Invisibilit |       |       |       |     1 |       |       |       |       |       ||     1
       Fly               |       |       |       |       |     1 |       |       |       |     1 ||     2
       Stop Flying       |       |       |       |       |       |       |       |     1 |       ||     1
Evoke: Wand              |       |       |     4 |     2 |     5 |       |     2 |       |     5 ||    18
       Lightning rod     |       |       |       |       |       |       |     4 |       |       ||     4
       Phantom mirror    |       |       |       |       |       |       |       |       |     3 ||     3
  Use: Potion            |       |     5 |       |       |       |     2 |     1 |     2 |    17 ||    27
       Scroll            |       |     1 |     4 |    17 |    14 |     7 |    10 |     4 |    53 ||   110
 Stab: Distracted        |       |       |     1 |       |     1 |       |       |       |     1 ||     3
       Paralysed         |       |       |       |     1 |       |       |       |       |       ||     1
       Invisible         |       |       |       |     8 |       |       |       |       |       ||     8
       Held in net/web   |       |       |       |       |       |       |       |       |     3 ||     3
  Eat: Chunk             |     4 |    15 |    14 |    18 |    26 |    15 |    13 |    24 |    25 ||   154
       Fruit             |       |     2 |       |       |       |       |       |       |    12 ||    14
       Meat ration       |       |       |       |     1 |       |     2 |     2 |       |    12 ||    17
       Royal jelly       |       |       |       |       |     2 |       |     1 |       |    27 ||    30
       Bread ration      |       |       |       |       |       |       |       |       |     1 ||     1
Armor: Robe              |    34 |   103 |    54 |       |       |       |       |       |       ||   191
       Ring mail         |       |       |    80 |     4 |       |       |       |       |       ||    84
       Plate armour      |       |       |       |   689 |   673 |   711 |   564 |   525 |  1899 ||  5061
       Scale mail        |       |       |       |    15 |       |       |       |       |       ||    15
Dodge: Dodged            |    77 |   176 |   195 |   260 |   388 |   281 |   251 |   214 |  1480 ||  3322
Block: Buckler           |       |       |       |   221 |   235 |       |       |       |       ||   456
       Large shield      |       |       |       |       |   227 |  1447 |  1588 |  1824 |  9481 || 14567
       Reflection        |       |       |       |       |       |       |    77 |   106 |   322 ||   505
